 Dungeon Crawl Stone Soup version 0.17-a0-1951-g62301d3 (webtiles) character file.

654 brucemayne the Cleaver (level 7, -1/85 HPs)
             Began as a Hill Orc Berserker on Oct 2, 2015.
             Was a Follower of Trog.
             Succumbed to poison (a potion of poison)
             ... on level 6 of the Dungeon.
             The game lasted 00:06:29 (1105 turns).

brucemayne the Cleaver (Hill Orc Berserker)         Turns: 1105, Time: 00:06:29

Health: -1/85      AC:  9    Str: 26 (27) XL:     7   Next: 54%
Magic:  7/7        EV:  8    Int:  5      God:    Trog [*.....]
Gold:   126        SH:  0    Dex: 10      Spells: 0 memorised, 6 levels left

rFire  . . .     SeeInvis .     a - +0 hand axe
rCold  . . .     Clarity  .     t - +0 chain mail
rNeg   . . .     SustAt   .     (no shield)
rPois  .         Gourm    .     (no helmet)
rElec  .         Spirit   .     (no cloak)
rCorr  .         Warding  .     s - +0 pair of gloves (curse)
rMut   .         Stasis   .     (no boots)
MR     .....                    (no amulet)
Stlth  ..........               (no ring)
                                (no ring)

@: berserking, lethally poisoned (-1 -> -14), very quick, not resistant to
hostile enchantments, extremely unstealthy
A: deterioration 1, dopey 1, wild magic 1
a: Burn Spellbooks, Berserk, Renounce Religion


You were on level 6 of the Dungeon.
You worshipped Trog.
Trog was aware of your devotion.
You were not hungry.

You visited 1 branch of the dungeon, and saw 7 of its levels.

You collected 126 gold pieces.

Inventory:

Hand weapons
 a - a +0 hand axe (weapon)
 l - a +0 dagger of electrocution
 w - a +1 dagger of venom
Armour
 b - a +0 animal skin
 i - a +0 ring mail
 s - a cursed +0 pair of gloves (worn)
 t - a +0 chain mail (worn)
Magical devices
 v - a wand of slowing (8)
Scrolls
 h - a scroll of amnesia {unknown}
 q - a scroll of fog {unknown}
 r - a scroll of remove curse {unknown}
Potions
 e - a potion of flight
 f - a potion of ambrosia
 g - a potion of lignification
 j - 2 potions of cure mutation
 k - a potion of brilliance
Comestibles
 c - a beef jerky
 d - a meat ration
 u - 3 chunks of flesh


   Skills:
 - Level 3.6 Fighting
 + Level 11.0 Axes
 - Level 2.1 Armour
 - Level 1.5 Dodging


You had 6 spell levels left.
You didn't know any spells.

Dungeon Overview and Level Annotations

Branches:
Dungeon (7/15)
 Temple: D:4-7

Altars:
Gozag
Nemelex Xobeh
Okawaru


Innate Abilities, Weirdness & Mutations

Your body sometimes deteriorates upon taking damage.
You are dopey. (Int -2)
Your spells are a little harder to cast, but a little more powerful.


Message History

The killer bee misses you. The killer bee stings you.
* * * LOW HITPOINT WARNING * * *
The killer bee stings you.
* * * LOW HITPOINT WARNING * * *
You are poisoned.
The killer bee poisons you!
There is a stone staircase leading down, spattered with blood here.
Drink which item? (? for menu, Esc to quit)
It was a potion of poison.
That liquid tasted very nasty...
You are lethally poisoned!
* * * LOW HITPOINT WARNING * * *
You feel sick. The killer bee stings you.
* * * LOW HITPOINT WARNING * * *
The killer bee closely misses you.
Drink which item? (? for menu, Esc to quit)
It was a potion of berserk rage.
A red film seems to cover your vision as you go berserk!
You feel yourself moving faster!
You feel mighty!
You die...

# #... ...#!..########
.y....%.......#
._........# ##
.......#..# ... ####
...#.a##..###.... ##...
# #.# #÷...(.### ##(.⌠.
... #.yy...... #.....
..#####.@#######
###..._. .Z##......#
#####.÷.8... ##
#.####.# #.(.†.#..._.
#.# #.#####.....
#.####.#####.# ###..⌠.
#...........####.##...
#.####.............####
#.............#
#######.#####.#


You could see 2 killer bees.

Vanquished Creatures
  An orc warrior (D:6)
  A giant frog (D:6)
  3 scorpions
  2 killer bees
  A crimson imp (D:5)
  An orc priest (D:6)
  3 orc wizards
  A centaur skeleton (D:5)
  A giant frog skeleton (D:4)
  A worker ant (D:6)
  A worker ant zombie (D:6)
  A shadow imp (D:5)
  An adder skeleton (D:6)
  An adder zombie (D:6)
  A giant gecko (D:6)
  2 orcs (D:6)
  A giant cockroach (D:1)
  5 hobgoblins
  A kobold (D:2)
  A giant newt (D:4)
  2 goblins (D:1)
  A quokka (D:6)
  4 rats
37 creatures vanquished.

Vanquished Creatures (others)
  An ogre (D:4)
  4 worker ants (D:4)
  A giant cockroach (D:7)
6 creatures vanquished.

Grand Total: 43 creatures vanquished

Notes
Turn   | Place    | Note
--------------------------------------------------------------
     0 | D:1      | brucemayne the Hill Orc Berserker began the quest for the Orb.
     0 | D:1      | Reached XP level 1. HP: 19/19 MP: 1/1
   149 | D:1      | Reached XP level 2. HP: 6/26 MP: 2/2
   288 | D:2      | Reached skill level 5 in Axes
   338 | D:4      | Killed an ogre
   395 | D:4      | Reached XP level 3. HP: 9/31 MP: 3/3
   463 | D:5      | Entered Level 5 of the Dungeon
   463 | D:5      | Noticed a scorpion
   468 | D:5      | Killed a scorpion
   468 | D:5      | Reached skill level 6 in Axes
   468 | D:5      | Reached XP level 4. HP: 18/39 MP: 4/4
   475 | D:5      | Reached skill level 7 in Axes
   475 | D:5      | Reached XP level 5. HP: 18/45 MP: 5/5
   563 | D:5      | Noticed a scorpion
   571 | D:5      | Killed a scorpion
   626 | D:5      | Reached skill level 8 in Axes
   758 | D:6      | Reached XP level 6. HP: 26/51 MP: 6/6
   778 | D:6      | Reached skill level 9 in Axes
   815 | D:6      | Noticed an orc warrior
   833 | D:6      | Killed an orc warrior
   929 | D:6      | Reached skill level 10 in Axes
   929 | D:6      | Reached XP level 7. HP: 57/57 MP: 7/7
   959 | D:6      | Found an opulent altar of Gozag.
   968 | D:6      | Found a sparkling altar of Nemelex Xobeh.
   975 | D:6      | Acquired Trog's second power
  1021 | D:6      | Found an iron altar of Okawaru.
  1073 | D:7      | Gained mutation: Your body sometimes deteriorates upon taking damage. [potion of mutation]
  1073 | D:7      | Gained mutation: You are dopey. (Int -2) [potion of mutation]
  1073 | D:7      | Gained mutation: Your spells are a little harder to cast, but a little more powerful. [potion of mutation]
  1100 | D:7      | Reached skill level 11 in Axes
  1104 | D:6      | HP: 1/57 [killer bee (4)]
  1105 | D:6      | Succumbed to poison (a potion of poison)

Vault maps used:
D:1:      dpeg_arrival_more_subterranean_lakeside_camping,
          hangedman_decor_points
D:2:      nicolae_overflow_hidden_temple, minmay_newt_pond, uniq_natasha,
          uniq_iyjb
D:3:      lemuel_round_altar, uniq_robin, uniq_sigmund, uniq_grinder
D:4:      xom_confusion_cloud, gup_sewer_entry_bubbles, first_bread,
          roderic_roman_lattice, minivault_26
D:5:      nicolae_ru_path_of_blood
D:6:      grunt_temple_overflow_opulence, okawaru_gym_becter, kennysheep_mini,
          serial_shops, nicolae_shop_crystal
D:7:      overflow_temple_1_default, lemuel_crystal_altar, old_standard_altar,
          temple_green, serial_bayou, serial_bayou_lagoon_a,
          serial_bayou_pond_a, serial_bayou_shore_a, serial_bayou_crossing,
          serial_bayou_ford_a, serial_shops, shop, the_bakery, uniq_pikel

Action                   |  1- 3 |  4- 6 |  7- 9 || total
-------------------------+-------+-------+-------++-------
Melee: Hand axe          |    37 |    68 |    49 ||   154
       Dagger            |    10 |       |       ||    10
Invok: Berserk           |     4 |     5 |     1 ||    10
       Trog's Hand       |       |       |     2 ||     2
  Use: Scroll            |       |       |     5 ||     5
       Potion            |       |       |     4 ||     4
  Eat: Chunk             |     2 |     2 |     3 ||     7
       Bread ration      |       |     1 |       ||     1
